 Dungeon Crawl Stone Soup version 0.16-a0-296-gbdb9f68 (webtiles) character file.

682 Mindmaker the Archer (level 7, 43/43 HPs)
             Began as a High Elf Hunter on Aug 28, 2014.
             Quit the game on Level 5 of the Dungeon on Aug 29, 2014.
             The game lasted 00:30:00 (6186 turns).

Mindmaker the Archer (High Elf Hunter)              Turns: 6186, Time: 00:30:00

HP  43/43        AC  6     Str 13      XL: 7   Next: 34%
MP  12/12        EV 13     Int 18      God:
Gold 128         SH  0     Dex 16      Spells:  0 memorised,  6 levels left

rFire  . . .     SeeInvis .     b - +1 shortbow
rCold  . . .     Clarity  .     d - +0 leather armour
rNeg   . . .     rCorr    .     (no shield)
rPois  .         rRot     .     (no helmet)
rElec  .         Spirit   .     r - +1 cloak
SustAb .         Warding  .     m - +0 pair of gloves
rMut   .         Stasis   .     (no boots)
Gourm  .                        (no amulet)
MR     .....                    z - ring of stealth
                                j - +3 ring of intelligence

@: not resistant to hostile enchantments, fairly stealthy
A: no striking features
a: no special abilities


You were on level 5 of the Dungeon.
You were hungry.

You visited 1 branch of the dungeon, and saw 5 of its levels.

You collected 128 gold pieces.

Inventory:

Hand weapons
 a - a +4 quarterstaff of chaos
 b - a +1 shortbow (weapon)
Missiles
 c - 34 arrows (quivered)
Armour
 d - a +0 leather armour (worn)
 m - a +0 pair of gloves (worn)
 r - a +1 cloak (worn)
 y - a +1 scale mail of fire resistance
Magical devices
 o - a wand of enslavement (24)
 q - a wand of enslavement (17)
Comestibles
 f - 2 bread rations
 n - a royal jelly
 A - a rotting chunk of quokka flesh
 D - a beef jerky
Scrolls
 e - a scroll of enchant armour
 h - a scroll of identify
 k - 3 scrolls of teleportation
 l - a scroll of remove curse
 p - a scroll of fog
Jewellery
 j - a +3 ring of intelligence (left hand)
 z - a ring of stealth (right hand)
Potions
 g - a potion of haste
 i - 3 potions of confusion {unknown}
 s - a potion of heal wounds {unknown}
 t - 2 potions of restore abilities {unknown}
 u - a potion of brilliance {unknown}
 v - a potion of curing {unknown}
 w - a potion of might {unknown}
 x - a potion of cancellation {unknown}


   Skills:
 - Level 1.0 Fighting
 + Level 10.8 Bows
 - Level 4.2 Dodging
 - Level 1.1 Stealth


You had 6 spell levels left.
You didn't know any spells.

Dungeon Overview and Level Annotations

Branches:
Dungeon (5/15)
 Temple: D:4-7

Altars:
Dithmenos


Message History

B - a glowing trident Wear which item? (? for menu, Esc to quit)
Okay, then.
Wield which item (- for none, * to show all)? (? for menu, Esc to quit)
B - a +3 trident (weapon)
You are now empty-handed.
You drop a +3 trident.
Wield which item (- for none, * to show all)? (? for menu, Esc to quit)
b - a +1 shortbow (weapon)
(D) Dungeon
Where to? (Enter - D:4 @ (x,y), ? - help)
What level of the Dungeon? (default 1, ? - help)
There is a stone staircase leading down here.
You climb downwards.
A giant gecko comes into view.
Found a hardcover book.
There is a stone staircase leading up here.
Saving game... please wait.
Welcome back, Mindmaker the High Elf Hunter.
Press ? for a list of commands and other information.
Are you sure you want to abandon this character and quit the game? (Confirm with "yes".)

###
###########......
........@.....l#
###########..#.#
#


You could see a giant gecko (sleeping).

Vanquished Creatures
  A phantom (D:4)
  An ogre (D:4)
  A scorpion (D:4)
  A gnoll shaman (D:4)
  Crazy Yiuf (D:3)
  An iguana (D:4)
  Natasha (twice) (D:3)
  A worker ant (D:4)
  Ijyb (D:2)
  Jessica (D:3)
  A hound skeleton (D:4)
  5 adders
  7 gnolls
  A white imp (D:3)
  2 worms (D:2)
  An adder skeleton (D:4)
  6 giant geckos
  11 orcs
  7 giant cockroaches
  8 goblins
  11 hobgoblins
  9 bats
  4 giant newts
  A giant newt skeleton (D:4)
  14 kobolds
  An orc skeleton (D:4)
  6 quokkas
  9 rats
115 creatures vanquished.

Vanquished Creatures (collateral kills)
  An orc priest (D:4)
  A gnoll (D:4)
2 creatures vanquished.

Vanquished Creatures (others)
  A giant gecko zombie (D:4)
  2 butterflies (D:4)
3 creatures vanquished.

Grand Total: 120 creatures vanquished

Notes
Turn   | Place    | Note
--------------------------------------------------------------
     0 | D:1      | Mindmaker, the High Elf Hunter, began the quest for the Orb.
     0 | D:1      | Reached XP level 1. HP: 13/13 MP: 2/2
   313 | D:1      | Reached XP level 2. HP: 9/18 MP: 3/3
   314 | D:1      | Reached skill level 6 in Bows
  1279 | D:1      | Reached XP level 3. HP: 20/23 MP: 5/5
  1858 | D:2      | Reached skill level 7 in Bows
  2136 | D:2      | Reached XP level 4. HP: 20/28 MP: 7/7
  2442 | D:2      | Noticed Ijyb
  2515 | D:2      | Killed Ijyb
  2515 | D:2      | Reached skill level 8 in Bows
  3179 | D:2      | Reached XP level 5. HP: 27/33 MP: 8/8
  3477 | D:3      | Noticed Jessica
  3487 | D:3      | Killed Jessica
  3591 | D:3      | Noticed Crazy Yiuf
  3600 | D:3      | Killed Crazy Yiuf
  3904 | D:3      | Noticed Natasha
  3909 | D:3      | Killed Natasha
  4010 | D:3      | Noticed Natasha
  4024 | D:3      | Killed Natasha
  4384 | D:4      | Noticed a phantom
  4503 | D:4      | Found a shadowy altar of Dithmenos.
  4508 | D:4      | Noticed an ogre
  4599 | D:4      | Killed an ogre
  4599 | D:4      | Reached XP level 6. HP: 20/38 MP: 10/10
  4955 | D:4      | Reached skill level 9 in Bows
  5384 | D:4      | Killed a phantom
  5384 | D:4      | Reached skill level 10 in Bows
  5384 | D:4      | Reached XP level 7. HP: 16/43 MP: 12/12
  6185 | D:5      | Entered Level 5 of the Dungeon
  6186 | D:5      | Quit the game

Action                   |  1- 3 |  4- 6 |  7- 9 || total
-------------------------+-------+-------+-------++-------
Melee: Short sword       |   162 |    68 |       ||   230
       Quarterstaff      |       |    77 |    24 ||   101
 Fire: Shortbow          |    21 |   125 |    28 ||   174
Evoke: Wand              |       |     1 |       ||     1
  Use: Scroll            |       |    10 |     1 ||    11
 Stab: Sleeping          |     2 |       |       ||     2
       Distracted        |     1 |       |       ||     1
  Eat: Chunk             |     4 |    10 |     2 ||    16
